 Dungeon Crawl Stone Soup version 0.20.1-1-g8b1a95d (webtiles) character file.

2664 Internecine the Skirmisher (level 9, -6/92 HPs)
             Began as an Ogre Arcane Marksman on Oct 3, 2017.
             Was a Believer of Okawaru.
             Mangled by an orc warrior
             ... wielding a +0 halberd
              (20 damage)
             ... on level 7 of the Dungeon.
             The game lasted 01:22:30 (8766 turns).

Internecine the Skirmisher (Ogre Arcane Marksman)   Turns: 8766, Time: 01:22:31

Health: -6/92      AC: 10    Str: 19    XL:     9   Next: 63%
Magic:  9/11       EV: 16    Int: 14    God:    Okawaru [**....]
Gold:   380        SH:  0    Dex: 12    Spells: 6/12 levels left

rFire    . . .     SeeInvis .   j - +1 dire flail (holy)
rCold    + . .     Gourm    +   (shield currently unavailable)
rNeg     . . .     Faith    .   u - +1 robe
rPois    .         Spirit   .   (helmet restricted)
rElec    .         Reflect  .   m - +2 cloak
rCorr    .         Harm     .   (gloves unavailable)
MR       .....     Rnd*Rage +   (boots unavailable)
Stlth    +++.......             t - amulet of the gourmand
Regen    0.3/turn               p - +3 ring of strength
MPRegen  0.2/turn               q - ring of protection from cold

@: heroism
A: unfitting armour, horns 1, repulsion field 1, molten scales 1, thin metallic
scales 1, berserk 1, deformed body, low mp 1, tough skin 1
a: Heroism, Renounce Religion


You were on level 7 of the Dungeon.
You worshipped Okawaru.
Okawaru was pleased with you.
You were not hungry.

You visited 1 branch of the dungeon, and saw 7 of its levels.

You collected 500 gold pieces.
You spent 120 gold pieces at shops.

Inventory:

Hand Weapons
 a - a +2 hand crossbow
 j - a +1 dire flail of holy wrath (weapon)
 s - a +0 shortbow
 v - a +3 dagger
 w - a +0 whip of freezing
 B - a +0 hunting sling
 G - a +0 shortbow
Missiles
 e - 4 tomahawks
 h - 103 arrows
 o - 212 stones (quivered)
 x - 4 tomahawks of returning
 A - 47 sling bullets
Armour
 m - a +2 cloak (worn)
 u - a +1 robe (worn)
 I - a +0 cloak
Jewellery
 p - a +3 ring of strength (left hand)
 q - a ring of protection from cold (right hand)
 t - an amulet of the gourmand (around neck)
 H - an uncursed ring of fire
Wands
 y - a wand of flame (16/48)
Scrolls
 b - a scroll of immolation {unknown}
 k - 3 scrolls of recharging
 n - 2 scrolls of enchant armour
 z - 2 scrolls of fog
 F - 3 scrolls of remove curse
 J - a scroll of random uselessness {unknown}
 L - a scroll of acquirement {unknown}
 M - a scroll of holy word {unknown}
 O - a scroll of identify
Potions
 i - a potion of flight
 C - a potion of brilliance
 D - a potion of magic
 E - a potion of resistance
Books
 c - a book of Debilitation

   Spells                             Type                      Level
   a - Corona                         Hexes                        1
   b - Slow                           Hexes                        2
   c - Inner Flame                    Hexes/Fire                   3
   d - Portal Projectile              Hexes/Translocation          3
   e - Cause Fear                     Hexes                        4
   f - Leda's Liquefaction            Hexes/Earth                  4
 r - a book of Minor Magic

   Spells                             Type                      Level
   a - Magic Dart                     Conjuration                  1
   b - Blink                          Translocation                2
   c - Call Imp                       Summoning                    2
   d - Slow                           Hexes                        2
   e - Conjure Flame                  Conjuration/Fire             3
   f - Mephitic Cloud                 Conjuration/Poison/Air       3
Comestibles
 d - 6 chunks of flesh
 f - 7 bread rations
 g - 4 meat rations
 l - 5 fruits
 N - 5 royal jellies


   Skills:
 + Level 6.6(11.6) Fighting
 + Level 0.9(5.9) Short Blades
 + Level 3.9(8.9) Maces & Flails
 + Level 2.2(7.4) Slings
 + Level 6.2(11.2) Crossbows
 + Level 2.0(7.8) Throwing
 + Level 4.4(9.4) Dodging
 + Level 1.4(6.4) Stealth
 + Level 2.2 Spellcasting
 + Level 3.5 Hexes
 + Level 0.1 Evocations


You had 6 spell levels left.
You knew the following spells:

 Your Spells              Type           Power        Failure   Level  Hunger
a - Corona                Hex            ##.....      5%          1    #......
b - Slow                  Hex            ##......     9%          2    ###....
c - Portal Projectile     Hex/Tloc       #.....       32%         3    ###....


Dungeon Overview and Level Annotations

Branches:
Dungeon (7/15)             Temple (0/1) D:6

Altars:
Cheibriados
Dithmenos
Gozag
Nemelex Xobeh
Okawaru
Qazlal
Ru
Sif Muna
Trog
Uskayaw
Xom

Shops:
D:4 *   D:6 ?

Annotations:
D:6 2 transporters


Innate Abilities, Weirdness & Mutations

You are too large for most types of armour.
You have tough skin. (AC +1)
You have a pair of small horns on your head.
You are surrounded by a mild repulsion field. (EV +2)
You are partially covered in molten scales. (AC +2)
You are partially covered in thin metallic scales. (AC +2)
You tend to lose your temper in combat.
Armour fits poorly on your strangely shaped body.
Your magical capacity is low. (-10% MP)


Message History

* * * LOW HITPOINT WARNING * * *
You gain the combat prowess of a mighty hero.
You hit the orc warrior but do no damage.
Your headbutt misses the orc warrior.
The orc warrior is heavily wounded.
The orc warrior barely misses you.
You puncture the orc warrior!
You headbutt the orc warrior, but do no damage.
The orc warrior is severely wounded.
The orc warrior barely misses you.
You closely miss the orc warrior. You headbutt the orc warrior.
The orc warrior is severely wounded.
The orc warrior hits you with a halberd!
* * * LOW HITPOINT WARNING * * *
You hit the orc warrior but do no damage.
The orc warrior is severely wounded.
As you read the scroll of fog, it crumbles to dust.
The scroll dissolves into smoke.
The orc warrior closely misses you.
The orc warrior hits you from afar with a halberd!!
You die...

#### #.. #§# ###
########§#######
###.#
#....§§@§§§.....
....#
#.######§######.
##..######.######o#
.............(.(§oo
##..##.###.#..##..##
........##.#..##..#
##..##..##.#..##.(.
.................(.
##.................


You could see an orc warrior.

Vanquished Creatures
  Sigmund (D:2)
  A yak (D:7)
  A human (D:7)
  3 hogs (D:7)
  A sky beast (D:5)
  A black bear (D:7)
  A phantom (D:7)
  2 ice beasts
  An ogre (D:7)
  3 centaurs
  2 bullfrogs (D:7)
  Blork the orc (D:5)
  2 scorpions
  A howler monkey (D:4)
  2 bullfrog zombies (D:5)
  2 crimson imps
  A jelly (D:7)
  2 orc wizards (D:5)
  Jessica (D:2)
  5 worker ants
  2 iguanas (D:4)
  A hound zombie (D:6)
  A howler monkey zombie (D:7)
  A worker ant zombie (D:6)
  9 adders
  A shadow imp (D:6)
  An ooze (D:7)
  An adder zombie (D:5)
  2 worms
  4 dart slugs
  2 leopard geckos
  11 orcs
  2 ball pythons
  7 giant cockroaches
  4 goblins
  4 hobgoblins
  7 jackals (D:6)
  2 quokkas
  7 bats
  4 frilled lizards
  6 kobolds
  A leopard gecko skeleton (D:4)
  A quokka skeleton (D:4)
  7 rats
  A bush (D:3)
123 creatures vanquished.

Vanquished Creatures (others)
  A sky beast (D:6)
1 creature vanquished.

Grand Total: 124 creatures vanquished

Notes
Turn   | Place    | Note
-------+----------+-------------------------------------------
     0 | D:1      | Internecine the Ogre Arcane Marksman began the quest for the Orb.
     0 | D:1      | Reached XP level 1. HP: 19/19 MP: 2/2
   245 | D:1      | Reached XP level 2. HP: 27/27 MP: 3/3
   962 | D:2      | Learned a level 2 spell: Slow
  1032 | D:2      | Reached XP level 3. HP: 33/33 MP: 4/4
  1107 | D:2      | Found a shadowy altar of Dithmenos.
  1235 | D:2      | Noticed Jessica
  1253 | D:2      | Killed Jessica
  1253 | D:2      | Reached XP level 4. HP: 25/42 MP: 3/5
  1382 | D:2      | Noticed Sigmund
  1386 | D:2      | Killed Sigmund
  1386 | D:2      | Reached XP level 5. HP: 52/52 MP: 6/6
  1393 | D:2      | Reached XP level 6. HP: 50/59 MP: 7/7
  1948 | D:2      | Learned a level 3 spell: Portal Projectile
  2256 | D:3      | Noticed an enchanted hand axe
  2256 | D:3      | Noticed a hand axe
  2260 | D:3      | Found a hide-covered altar of Uskayaw.
  2347 | D:3      | Found a shadowy altar of Dithmenos.
  2499 | D:3      | Found a bloodstained altar of Trog.
  2707 | D:3      | Found an opulent altar of Gozag.
  2707 | D:3      | Found a sparkling altar of Nemelex Xobeh.
  3143 | D:3      | Found a sacrificial altar of Ru.
  3802 | D:4      | Gained mutation: You passively map a small area around you. [potion of mutation]
  3802 | D:4      | Gained mutation: Your magical capacity is low. (-10% MP) [potion of mutation]
  3802 | D:4      | Gained mutation: You are surrounded by a mild repulsion field. (EV +2) [potion of mutation]
  3802 | D:4      | Gained mutation: Your system is resistant to poisons. (rPois) [potion of mutation]
  3886 | D:4      | Found a stormy altar of Qazlal.
  4168 | D:4      | Reached XP level 7. HP: 27/67 MP: 8/8
  4325 | D:4      | Found Lodia's General Store.
  4335 | D:4      | Reached skill level 1 in Stealth
  5008 | D:5      | Entered Level 5 of the Dungeon
  5294 | D:5      | Found an iron altar of Okawaru.
  5315 | D:5      | Reached skill level 1 in Slings
  5338 | D:5      | Became a worshipper of Warmaster Okawaru
  5340 | D:5      | Lost mutation: You passively map a small area around you. [potion of mutation]
  5340 | D:5      | Lost mutation: Your magical capacity is low. (-10% MP) [potion of mutation]
  5340 | D:5      | Lost mutation: Your system is resistant to poisons. (rPois) [potion of mutation]
  5340 | D:5      | Gained mutation: Your magical capacity is low. (-10% MP) [potion of mutation]
  5340 | D:5      | Gained mutation: Your muscles are strong. (Str +2) [potion of mutation]
  5347 | D:5      | Gained mutation: You are partially covered in thin metallic scales. (AC +2) [mutagenic meat]
  5348 | D:5      | Lost mutation: Your muscles are strong. (Str +2) [mutagenic meat]
  5349 | D:5      | Gained mutation: You have a pair of small horns on your head. [mutagenic meat]
  5620 | D:5      | Noticed Blork the orc
  5628 | D:5      | Killed Blork the orc
  5680 | D:5      | Reached XP level 8. HP: 72/79 MP: 9/9
  6265 | D:5      | Reached skill level 1 in Maces & Flails
  6399 | D:6      | Found an iron altar of Okawaru.
  6399 | D:6      | Found a transporter.
  6400 | D:6      | Noticed a catoblepas
  6402 | D:6      | Noticed a troll
  6410 | D:6      | Noticed a brown ugly thing
  6718 | D:6      | Found a deep blue altar of Sif Muna.
  7147 | D:6      | Reached skill level 5 in Fighting
  7147 | D:6      | Reached skill level 5 in Crossbows
  7288 | D:6      | Gained mutation: You tend to lose your temper in combat. [mutagenic meat]
  7289 | D:6      | Gained mutation: You are partially covered in molten scales. (AC +2) [mutagenic meat]
  7291 | D:6      | Gained mutation: Armour fits poorly on your strangely shaped body. [mutagenic meat]
  7328 | D:6      | Found a staircase to the Ecumenical Temple.
  7374 | D:6      | Found a transporter.
  7599 | D:6      | Found a shimmering altar of Xom.
  7627 | D:6      | Found a snail-covered altar of Cheibriados.
  7688 | D:6      | Found Mozaduq's Magic Scroll Shop.
  7695 | D:6      | Bought a scroll of identify for 20 gold pieces
  7695 | D:6      | Bought a scroll of identify for 20 gold pieces
  7695 | D:6      | Bought a scroll of remove curse for 30 gold pieces
  7695 | D:6      | Bought a scroll of identify for 20 gold pieces
  7695 | D:6      | Bought a scroll of remove curse for 30 gold pieces
  7730 | D:7      | Reached * piety under Okawaru
  7754 | D:7      | Noticed a yak
  7769 | D:7      | Killed a yak
  7769 | D:7      | Reached skill level 1 in Throwing
  7769 | D:7      | Reached XP level 9. HP: 47/88 MP: 8/10
  7791 | D:7      | Reached ** piety under Okawaru
  8766 | D:7      | Mangled by an orc warrior

Skill      XL: |  1  2  3  4  5  6  7  8  9 |
---------------+----------------------------+-----
Hexes          | 3 |  3.5
Crossbows      | 2 3 4 5 6 |  6.2
Dodging        | 2 3 4 |  4.4
Fighting       | 2 3 4 5 6 |  6.6
Stealth        | 1 |  1.4
Slings         | 2 |  2.2
Maces & Flails | 3 |  3.9
Spellcasting   | 2 |  2.2
Throwing       | 1 2 |  2.0
Short Blades   | |  0.9
Evocations     | |  0.1

Action                   |  1- 3 |  4- 6 |  7- 9 || total
-------------------------+-------+-------+-------++-------
Melee: Mace              |     3 |       |       ||     3
       Dagger            |       |   277 |    21 ||   298
       Whip              |       |       |    20 ||    20
       Dire flail        |       |       |   101 ||   101
       Headbutt          |       |       |    17 ||    17
 Fire: Hand crossbow     |    53 |    77 |   123 ||   253
       Hunting sling     |       |    24 |    28 ||    52
Throw: Stone             |       |     9 |    10 ||    19
       Tomahawk          |       |     1 |    21 ||    22
 Cast: Corona            |     1 |     7 |     6 ||    14
Invok: Heroism           |       |       |     1 ||     1
Evoke: Wand              |       |       |     3 ||     3
  Use: Scroll            |       |     5 |    10 ||    15
       Potion            |       |     4 |     6 ||    10
  Eat: Chunk             |     1 |     9 |    16 ||    26
       Fruit             |       |     1 |     4 ||     5
       Royal jelly       |       |       |     1 ||     1
Armor: Robe              |    16 |    51 |    61 ||   128
Dodge: Dodged            |    16 |    83 |   145 ||   244
